Map: Dusty Gorge

Players

MonstroTown

  • Race: Terran Terran
  • Spawn Location: 9:00

Michael

  • Race: Zerg Zerg
  • League: Gold
  • Spawn Location: 11:00

Schuman

  • Race: Protoss Protoss
  • League: Diamond
  • Spawn Location: 5:00

richyman

  • Race: Terran Terran
  • League: Platinum
  • Spawn Location: 3:00

VOD

Have the link to the VOD?

Description

Time

  • Played on: Sept. 15, 2018, 1:45 p.m.
  • Length: 12:39
Show
View Real Time Build Order
Export as new Build Order

MonstroTown Terran 

Build Orders:  

Get SALT Encoding   

  12  0:01  SCV  
  13  0:13  SCV  
  14  0:18  Supply Depot  
  14  0:25  SCV  
  15  0:40  SCV, Barracks  
  16  0:47  Refinery  
  16  0:52  Refinery  
  16  0:56  SCV  
  17  1:08  SCV  
  19  1:28  Reaper  
  19  1:29  Orbital Command  
  19  1:54  Factory  
  19  1:58  SCV  
  19  2:01  Barracks Reactor  
  20  2:11  SCV  
  21  2:23  SCV  
  22  2:37  SCV  
  23  2:51  Supply Depot  
  23  2:52  Supply Depot  
  22  3:08  Barracks Tech Lab  
  22  3:09  Cyclone x2  
  28  3:19  Command Center  
  28  3:22  SCV  
  29  3:30  Marine  
  30  3:41  Cyclone  
  33  3:52  SCV  
  34  3:56  Cyclone  
  37  4:04  SCV  
  38  4:18  SCV  
  38  4:23  Cyclone  
  42  4:25  Stimpack  
  42  4:30  SCV  
  42  4:31  Orbital Command  
  43  4:42  SCV  
  44  4:55  Starport  
  44  4:58  SCV x2  
  44  4:59  Engineering Bay, Barracks  
  46  5:11  SCV  
  46  5:12  SCV  
  48  5:19  Liberator  
  48  5:24  SCV  
  48  5:25  Terran Infantry Weapons Level 1  
  49  5:29  Cyclone x2  
  49  5:35  Barracks  
  56  5:45  Missile Turret  
  53  6:00  Missile Turret  
  53  6:04  Missile Turret  
  53  6:17  Barracks  
  53  6:23  Engineering Bay, Armory  
  53  6:32  Barracks Tech Lab, Barracks Reactor  
  53  6:37  SCV x2  
  55  6:49  SCV  
  56  7:00  SCV  
  56  7:01  SCV  
  56  7:02  Starport Reactor  
  57  7:09  Barracks Tech Lab  
  57  7:12  Bunker  
  57  7:13  Marine  
  57  7:14  Marine  
  59  7:18  Cyclone  
  61  7:40  Marauder x2  
  49  7:47  Marine x2  
  49  7:51  Barracks  
  41  7:52  Barracks  
  41  7:56  Supply Depot  
  40  8:01  Marine  
  40  8:05  Marine  
  43  8:06  Marine  
  44  8:19  Marine  
  45  8:23  Marine  
  45  8:24  Marine  
  45  8:26  Barracks  
  43  8:28  Barracks  
  39  8:37  Marauder  
  39  8:41  Marine  
  36  8:49  Marine  
  34  8:55  Factory  
  34  8:57  Barracks  
  34  8:58  Barracks, Marine x2  
  34  8:59  Marine x2  
  34  9:22  Marine  
  34  9:23  Marine x2  
  34  9:24  Marine x2  
  39  9:38  Terran Infantry Armor Level 1  
  39  9:42  SCV x2  
  41  9:46  Barracks Tech Lab, Barracks Reactor  
  41  9:48  Refinery  
  41  9:58  Marine x2  
  41  9:59  Barracks Tech Lab  
  43  10:00  Barracks Reactor  
  43  10:01  Marine  
  43  10:03  Marine  
  45  10:10  Supply Depot  
  45  10:11  Supply Depot x2  
  45  10:13  Supply Depot  
  35  10:16  Command Center, Marine  
  35  10:19  Marine x2  
  38  10:26  Marine  
  38  10:27  Marine  
  38  10:28  Barracks Tech Lab  
  40  10:29  Marauder  
  42  10:44  Marine x4  
  39  11:06  Marine x3  
  39  11:07  Marauder x2, Marine  
  47  11:18  Marine x2  
  48  11:19  Marauder  
  51  11:28  Marauder x2  
  49  11:35  Marine x3  
  49  11:37  Factory Tech Lab  
  52  11:40  Marauder  
  54  11:49  Marauder  
  54  11:50  Marauder  
  58  11:54  Marine x3  
  58  11:55  Marine x3  
  64  12:04  Marine x2  
  66  12:10  Marine  
Show
View Real Time Build Order
Export as new Build Order

Michael Zerg 

Build Orders: Hatch First 

Get SALT Encoding   

  12  0:01  Drone  
  13  0:12  Overlord  
  13  0:18  Drone  
  14  0:31  Drone x2  
  14  0:34  Drone  
  17  0:46  Drone  
  18  0:58  Hatchery  
  18  1:00  Drone  
  18  1:05  Extractor  
  18  1:11  Drone  
  18  1:22  Spawning Pool  
  18  1:24  Drone  
  18  1:28  Drone  
  19  1:39  Drone  
  20  1:49  Overlord  
  20  2:08  Queen  
  20  2:09  Queen  
  20  2:12  Zergling x6  
  27  2:17  Metabolic Boost  
  27  2:21  Drone  
  28  2:24  Drone  
  29  2:30  Extractor  
  27  2:48  Drone x4  
  31  2:53  Queen  
  31  2:56  Overlord  
  33  3:05  Drone x2  
  35  3:11  Evolution Chamber  
  34  3:24  Roach Warren  
  34  3:27  Lair  
  33  3:50  Hatchery  
  33  3:52  Drone x2  
  33  3:53  Drone  
  35  3:55  Drone  
  35  3:59  Drone  
  35  4:01  Drone  
  38  4:05  Drone  
  38  4:07  Drone  
  40  4:10  Drone  
  41  4:24  Glial Reconstitution  
  41  4:30  Hydralisk Den  
  41  4:31  Drone x3  
  41  4:32  Spore Crawler  
  41  4:34  Drone  
  41  4:38  Overlord  
  43  4:42  Overlord  
  43  4:48  Zerg Ground Armor Level 1  
  43  4:57  Spire  
  43  4:58  Drone  
  43  4:59  Drone  
  44  5:08  Queen  
  44  5:09  Drone  
  44  5:10  Drone x2  
  44  5:13  Drone  
  50  5:15  Drone  
  50  5:16  Drone  
  50  5:18  Drone  
  50  5:20  Drone  
  54  5:22  Drone  
  54  5:27  Muscular Augments  
  55  5:32  Roach  
  55  5:34  Roach  
  59  5:37  Roach  
  61  5:45  Spore Crawler  
  61  5:46  Spore Crawler  
  61  5:47  Spore Crawler  
  61  5:48  Hydralisk  
  61  5:49  Hydralisk  
  62  5:59  Spore Crawler  
  62  6:00  Spore Crawler  
  62  6:02  Spore Crawler  
  62  6:03  Spore Crawler  
  58  6:15  Hydralisk x3  
  58  6:17  Overlord x2  
  64  6:19  Overlord  
  64  6:24  Extractor, Drone  
  64  6:25  Extractor, Drone x2  
  65  6:37  Overlord x2  
  65  6:42  Zerg Missile Weapons Level 1  
  65  6:43  Roach x3  
  65  6:44  Roach  
  73  6:49  Hydralisk  
  73  6:50  Hydralisk  
  77  6:56  Zergling x2  
  77  6:57  Zergling x6  
  81  7:02  Grooved Spines  
  81  7:05  Drone x2  
  81  7:06  Drone  
  84  7:12  Drone x3  
  84  7:13  Drone  
  88  7:15  Zergling x2  
  88  7:18  Zergling x2  
  88  7:19  Zergling x2  
  85  7:43  Roach x3  
  85  7:44  Roach x7  
  77  7:46  Roach  
  77  7:49  Roach  
  81  7:51  Hydralisk  
  81  7:57  Hydralisk  
  81  7:58  Hydralisk  
  85  8:01  Hydralisk  
  85  8:04  Hydralisk  
  91  8:07  Hydralisk  
  91  8:10  Zergling x4  
  91  8:12  Zergling x2  
  96  8:13  Zergling x2  
  96  8:15  Zergling x2  
  98  8:21  Zergling x6  
  70  9:00  Hydralisk x6  
  70  9:01  Hydralisk x6  
  92  9:09  Hydralisk  
  88  9:10  Hydralisk  
  92  9:24  Hydralisk  
  92  9:25  Hydralisk x3  
  92  9:28  Zergling x8  
  104  9:39  Hatchery  
  104  9:41  Hydralisk  
  105  9:48  Overlord  
  105  9:49  Overlord x2  
  105  9:55  Zerg Missile Weapons Level 2  
  105  10:04  Infestation Pit  
  104  10:07  Zerg Flyer Armor Level 1  
  104  10:13  Hydralisk  
  106  10:19  Zergling x16  
  114  10:28  Hydralisk  
  114  10:29  Hydralisk  
  114  10:32  Zergling x2  
  114  10:33  Zergling x4  
  114  10:34  Zergling x2  
  123  10:35  Zergling x2  
  123  10:37  Zergling x2  
  123  10:39  Zergling x2  
  123  10:40  Zergling x2  
  126  10:46  Hydralisk x2  
  129  11:01  Hydralisk x4  
  131  11:11  Hydralisk x2  
  124  11:25  Hydralisk x4  
  91  11:26  Hydralisk x2  
  78  11:39  Zergling x12  
  64  11:56  Zergling x6  
  62  12:04  Spine Crawler  
  62  12:06  Spine Crawler  
  62  12:07  Mutalisk, Spore Crawler  
  62  12:08  Mutalisk  
Show
View Real Time Build Order
Export as new Build Order

Schuman Protoss 

Build Orders:  

Get SALT Encoding   

  12  0:02  Probe  
  13  0:14  Probe  
  14  0:19  Pylon  
  14  0:26  Probe  
  15  0:33  Assimilator  
  15  0:38  Probe  
  16  0:46  Gateway  
  16  0:47  Probe  
  16  0:55  Probe  
  18  1:05  Probe  
  19  1:14  Probe  
  20  1:22  Probe  
  20  1:24  Pylon  
  20  1:30  Assimilator  
  20  1:31  Probe  
  21  1:37  Cybernetics Core  
  22  1:42  Zealot  
  24  2:06  Nexus  
  24  2:22  Stalker  
  24  2:25  Probe  
  24  2:26  Warp Gate  
  27  2:37  Gateway  
  27  2:42  Assimilator  
  24  3:03  Probe  
  24  3:04  Stalker  
  26  3:11  Probe  
  27  3:17  Pylon  
  27  3:18  Probe  
  29  3:24  Probe  
  29  3:26  Probe  
  31  3:35  Stargate  
  31  3:38  Probe  
  31  3:41  Probe  
  31  3:47  Sentry x2  
  37  3:55  Probe x2  
  39  4:02  Twilight Council  
  39  4:09  Probe  
  39  4:12  Probe  
  41  4:17  Probe  
  41  4:22  Oracle  
  42  4:30  Shield Battery x2  
  42  4:38  Stalker  
  47  4:45  Stalker  
  47  4:46  Assimilator  
  49  4:53  Forge  
  49  5:08  Probe  
  49  5:09  Probe  
  51  5:16  Probe  
  51  5:19  Pylon  
  51  5:21  Probe, Pylon  
  53  5:23  Gateway  
  53  5:29  Robotics Facility  
  53  5:37  Oracle  
  56  5:55  Probe  
  56  5:59  Probe  
  56  6:03  Assimilator  
  56  6:04  Probe  
  58  6:06  Templar Archives  
  60  6:11  Probe, Stalker x2  
  64  6:23  Charge  
  64  6:27  Protoss Ground Weapons Level 1  
  64  6:32  Observer  
  65  6:40  Probe x2  
  67  6:52  Probe x2  
  69  7:20  Pylon  
  69  7:21  Psionic Storm  
  69  7:22  Pylon  
  69  7:25  Pylon  
  69  7:35  Nexus  
  69  7:38  Warp Prism  
  71  7:44  Gateway  
  71  7:45  Gateway  
  71  7:47  Gateway  
  62  8:22  Immortal  
  62  8:29  High Templar x3  
  60  8:56  Probe x2  
  60  8:57  Probe  
  60  8:59  Immortal  
  60  9:02  Void Ray  
  63  9:06  Zealot x3  
  63  9:07  Zealot x3  
  63  9:08  Probe x2  
  83  9:24  Gateway  
  83  9:26  Gateway  
  83  9:29  Gateway  
  83  9:30  High Templar x5  
  93  9:32  Immortal  
  93  9:33  Gateway  
  93  9:34  Protoss Ground Weapons Level 2  
  93  9:36  Archon x2  
  93  9:37  Gateway  
  93  9:39  Gateway  
  93  9:40  Stalker  
  99  9:47  Probe x3  
  102  9:53  Assimilator  
  102  9:57  Assimilator  
  102  9:59  Probe x3, Forge  
  105  10:05  Stalker x2  
  109  10:14  Probe  
  108  10:23  Protoss Ground Armor Level 1  
  108  10:28  Probe, Pylon  
  109  10:30  Pylon  
  109  10:33  Pylon  
  109  10:35  Pylon  
  109  10:37  Pylon  
  109  10:46  Void Ray, Probe x3  
  116  10:58  Probe x3  
  117  11:10  Probe x2  
  97  11:40  Warp Prism  
  97  11:43  Stalker x3  
  97  11:44  Stalker x5  
  97  11:45  Stalker x2  
Show
View Real Time Build Order
Export as new Build Order

richyman Terran 

Build Orders: MMM Bio 

Get SALT Encoding   

  12  0:01  SCV  
  13  0:13  SCV  
  14  0:19  Supply Depot  
  14  0:25  SCV  
  15  0:41  SCV  
  16  0:43  Barracks  
  16  0:47  Refinery  
  16  0:53  SCV  
  17  1:05  SCV  
  18  1:17  SCV  
  19  1:31  Supply Depot  
  19  1:32  Reaper  
  20  1:33  Orbital Command  
  20  1:59  SCV  
  21  2:03  Command Center  
  21  2:04  Refinery  
  21  2:13  SCV  
  22  2:16  Marine  
  22  2:20  Factory  
  23  2:25  SCV  
  24  2:42  SCV  
  25  2:47  Marine  
  26  3:03  SCV  
  27  3:08  Starport  
  27  3:09  Barracks Reactor  
  27  3:10  Factory Tech Lab  
  27  3:18  Orbital Command  
  27  3:20  SCV  
  28  3:29  Engineering Bay  
  28  3:34  Siege Tank  
  31  3:37  SCV  
  32  3:49  SCV, Barracks  
  32  3:53  SCV  
  32  3:55  Starport Reactor, Barracks  
  34  4:02  SCV  
  35  4:03  Marine x2  
  35  4:05  SCV  
  35  4:09  Siege Tank  
  41  4:14  SCV  
  41  4:17  SCV  
  41  4:23  Marine x2  
  44  4:30  Terran Infantry Weapons Level 1  
  44  4:38  Barracks Tech Lab  
  44  4:41  Marine x2  
  44  4:42  Barracks Reactor  
  46  4:50  Supply Depot  
  46  4:52  Supply Depot  
  46  5:00  Stimpack  
  46  5:11  SCV, Marine x3  
  46  5:12  SCV  
  51  5:19  Supply Depot  
  51  5:20  Supply Depot  
  51  5:22  Medivac  
  51  5:24  SCV x2  
  51  5:28  Refinery  
  55  5:29  Refinery  
  55  5:36  SCV x2  
  60  5:50  Siege Tank  
  60  5:51  Marine x2  
  60  5:52  Marine x3  
  65  6:03  SCV x2  
  67  6:07  Supply Depot x2  
  67  6:09  Marine x3  
  67  6:10  Marine x2  
  72  6:15  SCV x2, Medivac, Viking  
  78  6:29  Marine  
  79  6:34  Marine x4  
  83  6:46  Marine  
  83  6:47  Siege Tank  
  83  6:52  Medivac  
  89  7:03  Medivac  
  78  7:48  Marine x3  
  78  7:49  Marine x2  
  78  7:50  Siege Tank  
  86  7:52  Medivac x2  
  88  8:06  Marine x3  
  88  8:11  Marine x2  
  93  8:24  Marine  
  94  8:32  Marine  
  94  8:33  Terran Infantry Armor Level 1  
  93  8:40  Medivac  
  94  8:42  Medivac  
  94  8:44  Siege Tank  
  80  8:57  Marine x2  
  80  8:58  Marine x3  
  79  9:04  Armory  
  72  9:10  Combat Shields  
  72  9:12  Barracks  
  72  9:15  Marine x2  
  72  9:21  Command Center  
  72  9:22  Marine x2  
  72  9:23  Marine  
  71  9:27  Siege Tank  
  74  9:33  Marine x2  
  74  9:34  SCV x2  
  74  9:37  Medivac x2  
  82  9:40  Marine x3  
  85  9:48  Barracks  
  85  9:51  Marine x2  
  87  9:58  Engineering Bay, Terran Vehicle Weapons Level 1, Marine x3  
  90  10:03  Barracks Reactor  
  90  10:07  Viking x2  
  94  10:29  Supply Depot  
  94  10:30  Supply Depot  
  94  10:32  Supply Depot, Marine x5  
  99  10:36  Missile Turret, Planetary Fortress  
  99  10:39  SCV x2  
  101  10:47  Barracks Reactor  
  101  10:50  Marine x7  
  101  10:51  SCV x2  
  110  11:03  SCV  
  111  11:08  Marine x3  
  97  11:39  Marine x5  
  99  11:40  Marine x4  
  99  11:44  Siege Tank  
  107  11:47  SCV x3  
  109  11:57  Marine x7  
  109  11:59  SCV x3  
  119  12:13  Supply Depot  
  119  12:14  Supply Depot  
  116  12:15  Supply Depot  
  116  12:17  Supply Depot  
Tags
 
Add a new tag
Caveats
  • Supply blocks, unpowered buildings, or Contaminate may cause inaccurate times.
  • Supply counts are checked every 10 seconds.